 Dungeon Crawl Stone Soup version 0.20.1-1-g8b1a95d (webtiles) character file.

157 ANON1729 the Firebug (level 5, -4/31 HPs)
             Began as an Octopode Fire Elementalist on Aug 9, 2017.
             Killed from afar by Sigmund (12 damage)
             ... with a puff of flame
             ... on level 3 of the Dungeon.
             The game lasted 00:07:11 (2982 turns).

ANON1729 the Firebug (Octopode Fire Elementalist)   Turns: 2982, Time: 00:07:12

Health: -4/31      AC:  1    Str:  7    XL:     5   Next: 38%
Magic:  5/10       EV: 13    Int: 19    God:
Gold:   182        SH:  0    Dex: 12    Spells: 6/10 levels left

rFire    . . .     SeeInvis .   e - +0 dagger
rCold    . . .     Gourm    .   (no shield)
rNeg     . . .     Faith    .   (helmet restricted)
rPois    .         Spirit   .   (no amulet)
rElec    .         Reflect  .   f - ring of teleportation (curse)
rCorr    .         Harm     .   (no ring)
MR       .....     Rnd*Tele +   (no ring)
Stlth    +++.......             (no ring)
Regen    0.1/turn               (no ring)
MPRegen  0.2/turn               (no ring)
                                (no ring)
                                (no ring)

@: no status effects
A: almost no armour, stealthy swim, amphibious, 8 rings, constrict 8, camouflage
1, gelatinous body 1
a: no special abilities


You were on level 3 of the Dungeon.
You were not hungry.

You visited 1 branch of the dungeon, and saw 3 of its levels.

You collected 182 gold pieces.

Inventory:

Hand Weapons
 e - a +0 dagger (weapon)
Jewellery
 f - a cursed ring of teleportation (left tentacle)
Scrolls
 g - 3 scrolls of identify {unknown}
 h - a scroll of noise {unknown}
 i - a scroll of enchant armour {unknown}
 o - a scroll of immolation {unknown}
 p - a scroll of recharging {unknown}
 q - a scroll of amnesia {unknown}
Potions
 c - 2 potions of haste {unknown}
 j - a potion of heal wounds {unknown}
 k - 2 potions of flight {unknown}
 l - a potion of invisibility {unknown}
 m - a potion of curing {unknown}
Books
 a - a book of Flames

   Spells                             Type                      Level
   a - Flame Tongue                   Conjuration/Fire             1
   b - Throw Flame                    Conjuration/Fire             2
   c - Conjure Flame                  Conjuration/Fire             3
   d - Inner Flame                    Hexes/Fire                   3
   e - Sticky Flame                   Conjuration/Fire             4
   f - Fireball                       Conjuration/Fire             5
Comestibles
 b - 2 bread rations
 d - a royal jelly
 n - 3 chunks of flesh


   Skills:
 - Level 2.0 Dodging
 - Level 2.6 Stealth
 + Level 3.3 Spellcasting
 + Level 3.1 Conjurations
 + Level 4.0 Fire Magic


You had 6 spell levels left.
You knew the following spells:

 Your Spells              Type           Power        Failure   Level  Hunger
a - Flame Tongue          Conj/Fire      ###..        3%          1    None
b - Conjure Flame         Conj/Fire      ###.....     11%         3    ###....


Dungeon Overview and Level Annotations

Branches:
Dungeon (3/15)

Altars:

Annotations:
D:3 Sigmund


Innate Abilities, Weirdness & Mutations

You cannot wear most types of armour.
You are very stealthy in the water. (Stealth+)
You are amphibious.
You can wear up to eight rings at the same time.
You can use your tentacles to constrict eight enemies at once.
Your skin changes colour to match your surroundings (Stealth+).
Your rubbery body absorbs attacks. (AC +1, EV +1)


Message History

Confirm with . or Enter, or press ? or * to list all spells.
Aiming: Flame Tongue
Press: ? - help, Shift-Dir - straight line, f/p - worm
Aim: a worm (almost dead)
The flame tongue hits the worm.
You kill the worm!
Sigmund casts a spell at you. You resist with some effort.
Sigmund points at you and mumbles some strange words.
The puff of flame hits you!
Sigmund points at you and mumbles some strange words.
The magic dart hits you!
* * * LOW HITPOINT WARNING * * *
A bat comes into view.
The bat moves out of view.
You see here 18 stones.
There is a stone staircase leading up here.
Sigmund casts a spell at you. The puff of flame hits you!
You die...

.. #.# ###.#.### # #. #.##
#...# # #..# ##.## #..# #.#
#..# #.#####.# #
####..#########......[. #.
#..............########
#.####.##..#####).)........
#......##..#####@##.#######
.........@.....(.##.##
#########..#######...## #
#.)........#..# ##
##.#######....#
.#########.# ##.#.#
...........# #.#.# .......#
### #.#.######.. ######.#
#.#.........


You could see Sigmund.

Vanquished Creatures
  A howler monkey (D:2)
  Robin (D:3)
  2 adders
  An ooze (D:1)
  3 worms
  2 dart slugs
  A leopard gecko (D:2)
  4 orcs (D:3)
  7 bats
  2 giant cockroaches
  17 goblins
  6 hobgoblins
  5 kobolds
  A quokka (D:2)
  A ball python (D:2)
  4 frilled lizards
  6 rats
64 creatures vanquished.

Notes
Turn   | Place    | Note
-------+----------+-------------------------------------------
     0 | D:1      | ANON1729 the Octopode Fire Elementalist began the quest for the Orb.
     0 | D:1      | Reached XP level 1. HP: 11/11 MP: 3/3
   457 | D:1      | Reached XP level 2. HP: 17/17 MP: 0/5
   761 | D:1      | Reached XP level 3. HP: 18/21 MP: 6/6
  1267 | D:2      | Learned a level 3 spell: Conjure Flame
  1888 | D:2      | Reached XP level 4. HP: 27/27 MP: 4/8
  2204 | D:3      | Found a faded altar of an unknown god.
  2346 | D:2      | Reached XP level 5. HP: 29/31 MP: 1/9
  2456 | D:3      | Noticed Sigmund
  2502 | D:3      | Noticed Robin
  2511 | D:3      | Killed Robin
  2511 | D:3      | Reached skill level 4 in Fire Magic
  2982 | D:3      | Killed from afar by Sigmund

Skill      XL: |  1  2  3  4  5 |
---------------+----------------+-----
Conjurations   | 2 3 |  3.1
Spellcasting   | 3 |  3.3
Fire Magic     | 4 |  4.0
Dodging        | |  2.0
Stealth        | |  2.6

Action                   |  1- 3 |  4- 6 || total
-------------------------+-------+-------++-------
Melee: Unarmed           |    23 |       ||    23
       Constrict         |    13 |     3 ||    16
       Tentacles         |     6 |     1 ||     7
       Dagger            |    26 |    11 ||    37
 Cast: Flame Tongue      |    33 |    51 ||    84
       Conjure Flame     |       |     3 ||     3
 Stab: Sleeping          |     1 |       ||     1
       Distracted        |       |     1 ||     1
  Eat: Chunk             |     3 |     4 ||     7
Armor: Skin              |    10 |     5 ||    15
Dodge: Dodged            |    42 |    20 ||    62
